 Dungeon Crawl Stone Soup version 0.31.0-11-ge490571c62 (webtiles) character file.

Game seed: 10162215215589878423

19 sentinel the Chopper (level 2, 0/29 HPs)
             Began as an Oni Gladiator on Feb 4, 2024.
             Slain by a goblin
             ... wielding a +0 club
             ... led by Robin
              (5 damage)
             ... on level 2 of the Dungeon.
             The game lasted 00:00:39 (148 turns).

sentinel the Chopper (Oni Gladiator)                 Turns: 148, Time: 00:00:40

Health: 0/29       AC:  3    Str: 17    XL:     2   Next: 75%
Magic:  0/2        EV: 10    Int:  9    God:
Gold:   10         SH:  0    Dex: 10    Spells: 1/1 levels left

rFire   . . .        a - +0 war axe
rCold   . . .        (no shield)
rNeg    . . .        b - +0 robe
rPois   .            c - +0 hat
rElec   .            (no cloak)
rCorr   .            (gloves unavailable)
SInv    .            (boots unavailable)
Will    +....        g - amulet of guardian spirit
Stlth   +            (no ring)
HPRegen 0.24/turn    (no ring)
MPRegen 0.08/turn

%: guardian spirit
@: attractive, enlightened, flying
A: large, unfitting armour, horns 1, tough skin 1, double potion healing,
drunken brawling
a: no special abilities


You were on level 2 of the Dungeon.
You visited 1 branch of the dungeon, and saw 2 of its levels.

You collected 10 gold pieces.

Inventory:

Hand Weapons
 a - a +0 war axe (weapon)
Missiles
 d - 3 throwing nets (quivered)
 e - a large rock
Armour
 b - a +0 robe (worn)
 c - a +0 hat (worn)
Jewellery
 g - an amulet of guardian spirit (around neck)


   Skills:
 - Level 2.6 Fighting
 + Level 3.9 Axes
 - Level 2.0 Throwing
 - Level 2.6 Dodging


You had one spell level left.
You didn't know any spells.
Your spell library was empty.

Dungeon Overview and Level Annotations

Branches:
Dungeon (2/15) Zot: 11839

Altars:

Annotations:
D:2 Robin


Innate Abilities, Weirdness & Mutations

You are too large for most types of armour.
You have a pair of small horns on your head.
You have tough skin. (AC +1)
You gain doubled healing and magic from potions.
Whenever you drink a healing potion, you attack all around you.


Message History

You kill the jackal!
The jackal bites you.
The jackal bites you but does no damage.
A kobold comes into view. It is wielding a +0 dagger.
You barely miss the jackal.
The jackal is lightly wounded.
You closely miss the jackal. The jackal bites you.
The jackal completely misses you.
You closely miss the jackal.
The jackal is lightly wounded.
You closely miss the jackal.
The jackal bites you but does no damage. x4
You hit the jackal. Your headbutt misses the jackal.
The jackal is severely wounded.
You miss the jackal. The jackal bites you. The jackal barely misses you.
The jackal bites you. The jackal closely misses you.
You barely miss the jackal.
The jackal is severely wounded.
You hit the kobold.
You kill the kobold!
You closely miss the jackal. The jackal misses you.
The jackal closely misses you. The jackal misses you.
The jackal bites you but does no damage.
You closely miss the jackal.
The jackal is heavily wounded.
You barely miss the jackal. The jackal misses you.
The jackal barely misses you. The jackal closely misses you.
The jackal bites you.
You miss the jackal. Your headbutt misses the jackal.
The jackal is moderately wounded.
You hit the jackal but do no damage.
The jackal bites you but does no damage.
The jackal barely misses you. x2
The jackal bites you but does no damage.
You slash the jackal!
You kill the jackal!
You barely miss the jackal. The jackal bites you.
The jackal bites you but does no damage.
You are too injured to fight recklessly!
You are too injured to fight recklessly!
You are too injured to fight recklessly!
You are too injured to fight recklessly!
You are too injured to fight recklessly!
You are too injured to fight recklessly!
You are too injured to fight recklessly!
You are too injured to fight recklessly!
You are too injured to fight recklessly!
You are too injured to fight recklessly!
You are too injured to fight recklessly!
You are too injured to fight recklessly!
You are too injured to fight recklessly!
The jackal closely misses you. The jackal misses you.
You barely miss the jackal. The jackal bites you. The jackal misses you.
You are too injured to fight recklessly!
You are too injured to fight recklessly!
You are too injured to fight recklessly!
You are too injured to fight recklessly!
You are too injured to fight recklessly!
You are too injured to fight recklessly!
You are too injured to fight recklessly!
You are too injured to fight recklessly!
You hit the jackal.
The jackal is almost dead.
The jackal bites you.
The jackal bites you but does no damage.
You barely miss the jackal.
The jackal is almost dead.
The jackal bites you but does no damage.
The jackal closely misses you.
You closely miss the jackal. Your headbutt misses the jackal.
The jackal is almost dead.
The jackal bites you. The jackal closely misses you.
Things that are here:
a +0 dagger; 4 stones The jackal barely misses you.
The jackal closely misses you.
You see here a jackal corpse.
You closely miss the jackal. Your punch misses the jackal.
The jackal is almost dead.
The jackal barely misses you. x2
You closely miss the jackal.
The jackal is almost dead.
The jackal barely misses you.
The jackal bites you but does no damage.
You slash the jackal!
You kill the jackal!
You see here a jackal corpse.
You see here a jackal corpse.
There is a stone staircase leading down here.
You climb downwards.
The goblin shouts!
The hobgoblin shouts!
The goblin shouts! x2
The hobgoblin shouts!
The goblin shouts!
You hear a shout!
The goblin shouts!
The rat squeaks loudly.
The hobgoblin shouts!
You hear a shout!
The goblin shouts!
Found a brightly glowing hand axe and 6 stones.
There is a stone staircase leading up here.
It was a potion of attraction.
You feel attractive to monsters.
You hear a shout!
A goblin comes into view. It is wielding a +0 dagger.
A goblin comes into view. It is wielding a +0 club.
The hobgoblin hits you. Robin throws the goblin at you!
The adder is attracted toward you. The goblin is attracted toward you. x2
The hobgoblin is attracted toward you. The goblin is attracted toward you.
The rat is attracted toward you. The goblin is attracted toward you.
Robin is attracted toward you. The goblin is attracted toward you.
The quokka is attracted toward you. The hobgoblin is attracted toward you.
The goblin is attracted toward you. x3
The adder attacks as it pursues you! The adder closely misses you.
Robin throws the goblin at you! The goblin attacks as it pursues you!
The goblin hits you with a +0 club. The goblin attacks as it pursues you!
The goblin barely misses you. x2; Robin is attracted toward you.
The goblin is attracted toward you.
You barely miss the goblin. You hit the adder. You slash the goblin!
You kill the goblin!
You barely miss the goblin. The adder misses you.
The goblin hits you with a +0 dagger.
Robin roars a battlecry!
The goblins go into a battle-frenzy!
The goblin closely misses you. The adder barely misses you.
It was a potion of enlightenment.
You feel very buoyant.
You fly up into the air.
The adder barely misses you. The goblin closely misses you.
The goblin hits you with a +0 dagger. The goblin barely misses you.
The goblin hits you with a +0 club.
* * * LOW HITPOINT WARNING * * *
A hobgoblin opens the door.
Found a flail.
You slash the goblin!
You kill the goblin!
You hit the goblin. You slash the goblin!
You kill the goblin!
You slash the adder! You barely miss the goblin. The adder bites you.
* * * LOW HITPOINT WARNING * * *
The goblin closely misses you.
A goblin comes into view. It is wielding a +0 club.
The goblin closely misses you. The adder closely misses you.
The hobgoblin is attracted toward you. The quokka is attracted toward you.
The goblin is attracted toward you.
You hit the goblin.
You kill the goblin!
You hit the rat.
You kill the rat!
You hit the adder.
You kill the adder!
You hit the hobgoblin but do no damage. You hit the goblin.
You kill the goblin!
Robin throws the goblin at you! The hobgoblin misses you.
The quokka barely misses you. The goblin hits you with a +0 club.
You die...

# .# .#
#######.#####
#..g.).......
#@r....#
#....gggg##.#
###.##gg.g...§g
.) #.g.§.....
## #.g.......
#.....)...
#....(....
#....§....
##.§......


You could see Robin, a quokka, 4 hobgoblins and 5 goblins.

Vanquished Creatures
  An adder (D:2)
  2 endoplasms (D:1)
  A giant cockroach (D:1)
  6 goblins
  4 jackals (D:1)
  A ball python (D:1)
  2 bats (D:1)
  2 kobolds (D:1)
  2 rats
21 creatures vanquished.

Notes
Turn   | Place    | Note
-------+----------+-------------------------------------------
     0 | D:1      | sentinel the Oni Gladiator began the quest for the Orb.
     0 | D:1      | Reached XP level 1. HP: 22/22 MP: 1/1
    95 | D:1      | Reached XP level 2. HP: 26/29 MP: 2/2
   142 | D:2      | Noticed Robin
   148 | D:2      | Slain by a goblin

Illustrated notes

Levels and vault maps discovered:
D:1:      roadster_arrival_rocket_large, layout_loops_ring
D:2:      layout_basic, basic_altar, uniq_terence, uniq_robin,
          uniq_crazy_yiuf_cottage

Action                     || total
---------------------------++-------
  Melee: War axe           ||    35
         Headbutt          ||     2
    Use: Potion            ||     2
 Armour: Robe              ||    51
  Dodge: Dodged            ||    46
